 Dungeon Crawl Stone Soup version 0.31-a0-986-g5e6e4ef867 (webtiles) character file.

Game seed: 10175482219155437463

1769 strifetoe the Conjurer (level 9, -2/70 HPs)
             Began as a Meteoran Earth Elementalist on Nov 9, 2023.
             Was an Initiate of Ashenzari.
             Slain by a wyvern (8 damage)
             ... while petrified by a basilisk
             ... on level 7 of the Dungeon.
             The game lasted 00:21:12 (2374 turns).

strifetoe the Conjurer (MeEE)                       Turns: 2374, Time: 00:21:12

Health: -2/70      AC:  3    Str:  9    XL:     9   Next: 53%
Magic:  19/19      EV:  2    Int: 22    God:    Ashenzari [......]
Gold:   261        SH:  0    Dex: 15    Spells: 16/20 levels left

rFire   . . .        f - +1 short sword (freeze)
rCold   . . .        (no shield)
rNeg    + + +        a - +1 robe
rPois   ∞            (no helmet)
rElec   .            (no cloak)
rCorr   .            (no gloves)
SInv    .            (no boots)
Will    +....        (no amulet)
Stlth   +            l - +5 ring of evasion
HPRegen 0.31/turn    x - ring of poison resistance
MPRegen 0.16/turn

%: no passive effects
@: petrified, glowing
A: sense surroundings 2, otherworldly, glowing, explore regen
a: Renounce Religion


You were on level 7 of the Dungeon.
You worshipped Ashenzari.
Ashenzari was noncommittal.
You visited 2 branches of the dungeon, and saw 9 of its levels.

You collected 261 gold pieces.

Inventory:

Hand Weapons
 f - a +1 short sword of freezing (weapon)
 h - a +1 dagger of venom
Armour
 a - a +1 robe (worn)
Jewellery
 k - a +6 ring of dexterity
 l - a +5 ring of evasion (left hand)
 u - a ring of see invisible
 v - a +6 ring of strength
 x - a ring of poison resistance (right hand)
Wands
 m - a wand of flame (21)
Scrolls
 e - 2 scrolls of brand weapon
 g - a scroll of blinking
 r - 2 scrolls of enchant armour
 z - a scroll of poison
Potions
 b - a potion of resistance {unknown}
 c - a potion of lignification {unknown}
 d - 2 potions of curing
 i - a potion of invisibility {unknown}
 j - a potion of might {unknown}
 n - a potion of brilliance {unknown}
 o - a potion of heal wounds
 p - 2 potions of berserk rage {unknown}
 q - a potion of degeneration {unknown}
 s - 2 potions of mutation
 t - a potion of attraction {unknown}
 w - a potion of ambrosia {unknown}


   Skills:
 - Level 3.4 Fighting
 - Level 3.6 Armour
 + Level 2.2 Dodging
 - Level 3.1 Stealth
 - Level 6.0 Spellcasting
 + Level 7.9 Conjurations
 + Level 1.2 Transmutations
 - Level 7.1 Earth Magic


You had 16 spell levels left.
You knew the following spells:

 Your Spells              Type           Power      Damage    Failure   Level
a - Sandblast             Erth           76%        2d16      1%          1
b - Stone Arrow           Conj/Erth      78%        3d11      1%          3

Your spell library contained the following spells:

 Spells                   Type           Power      Damage    Failure   Level
 Passwall                 Tmut/Erth      20%        N/A       2%          2
 Brom's Barrelling Bould  Conj/Erth      39%        2d6       4%          4
 Petrify                  Tmut/Erth      25%        N/A       16%         4


Dungeon Overview and Level Annotations

Branches:
Dungeon (8/15) Zot: 2391   Temple (1/1) D:7 Zot: 589    Lair (0/5) D:8

Altars:
Ashenzari
Cheibriados
Dithmenos
Elyvilon
Fedhas
Gozag
Hepliaklqana
Kikubaaqudgha
Makhleb
Nemelex Xobeh
Okawaru
Qazlal
Ru
Trog
Uskayaw
Vehumet
Wu Jian
Xom
Yredelemnul
Zin
The Shining One

Shops:
D:2 (?   D:6 ?


Innate Abilities, Weirdness & Mutations

You passively map the area around you.
You are easily found by Zot.
You glow in the dark.
You regain HP and MP as you explore.


Message History

A white imp comes into view.
The white imp gestures at you. The puff of frost hits you!
Unknown command.
Casting: Stone Arrow (safe; 1% risk of failure)
Confirm with . or Enter, or press ? or * to list all spells.
Aiming: Stone Arrow (safe; 1% risk of failure)
Press: ? - help, Shift-Dir - straight line, f - white imp
Aim: a white imp (74% to hit)
The stone arrow hits the white imp!!
You kill the white imp!
Found a stone staircase leading down.
There is a stone staircase leading down here.
There is a stone staircase leading down here.
You climb downwards.
There is a stone staircase leading up here.
A wyvern comes into view. 2 basilisks come into view.
Found a staircase to the Lair.
The basilisk hisses angrily.
The wyvern hisses angrily.
The basilisk gazes at you.
You easily resist.
The wyvern bites you! The wyvern closely misses you.
The wyvern hisses menacingly.
The wyvern misses you. The basilisk gazes at you.
You are slowing down.
There is a stone staircase leading up here.
The wyvern hisses menacingly.
The wyvern bites you! x2; Your limbs are stiffening.
You climb upwards.
You have turned to stone.
The wyvern bites you! x4
* * * LOW HITPOINT WARNING * * *
The wyvern bites you!
* * * LOW HITPOINT WARNING * * *
The wyvern hisses menacingly.
The wyvern bites you!
* * * LOW HITPOINT WARNING * * *
The wyvern bites you!
You die...

#.### , ,
#.# * ,
,* #.####
*+ *
#....# *
* ####.#
#.# *
###.##.#,
, ,, ,
#.l...# ,
,
#@###.#*
*, #.#
*.#* *
#.# ,. *
#.. , ##
####


You could see a wyvern.

Vanquished Creatures
  Maggie (D:6)
  Grinder (D:5)
  A water moccasin (D:6)
  2 ogres
  A kobold brigand (D:5)
  A phantom (D:5)
  4 scorpions
  A howler monkey (D:5)
  4 hounds
  2 jellies
  An orc priest (D:6)
  Jessica (D:2)
  Ijyb (D:5)
  A sleepcap (D:6)
  3 orc wizards
  8 gnolls
  6 adders
  2 white imps
  2 ufetubi (D:6)
  A worm (D:3)
  A dart slug (D:2)
  12 orcs
  4 endoplasms
  2 giant cockroaches
  4 goblins
  3 hobgoblins
  A jackal (D:2)
  11 kobolds
  A quokka (D:2)
  2 bats (D:1)
  A rat (D:2)
86 creatures vanquished.

Vanquished Creatures (others)
  An orc (D:6)
1 creature vanquished.

Grand Total: 87 creatures vanquished

Notes
Turn   | Place    | Note
-------+----------+-------------------------------------------
     0 | D:1      | strifetoe the Meteoran Earth Elementalist began the quest
                  | for the Orb.
     0 | D:1      | Reached XP level 1. HP: 14/14 MP: 5/5
    81 | D:2      | Found Egaviz's Magic Scroll Shoppe.
    84 | D:2      | Reached XP level 2. HP: 20/20 MP: 3/6
   162 | D:2      | Noticed Jessica
   176 | D:2      | Killed Jessica
   177 | D:2      | Reached skill level 5 in Earth Magic
   177 | D:2      | Reached XP level 3. HP: 11/26 MP: 4/8
   212 | D:2      | Reached XP level 4. HP: 31/33 MP: 7/9
   249 | D:2      | Found Peydiki's Antique Weapon Emporium.
   581 | D:4      | Reached XP level 5. HP: 38/38 MP: 7/10
   728 | D:3      | Learned a level 3 spell: Stone Arrow
   791 | D:5      | Entered Level 5 of the Dungeon
   933 | D:5      | Reached skill level 1 in Fighting
   933 | D:5      | Reached skill level 1 in Conjurations
   933 | D:5      | Reached XP level 6. HP: 35/47 MP: 7/11
   997 | D:6      | Noticed Maggie
  1000 | D:5      | Found a blossoming altar of Fedhas.
  1079 | D:5      | Found a hazy altar of Hepliaklqana.
  1403 | D:5      | Reached XP level 7. HP: 49/56 MP: 9/12
  1454 | D:5      | Noticed Ijyb
  1473 | D:5      | Killed Ijyb
  1523 | D:6      | Found Reecil's Magic Scroll Shop.
  1658 | D:5      | Reached skill level 5 in Conjurations
  1658 | D:5      | Reached XP level 8. HP: 47/63 MP: 4/15
  1692 | D:5      | Noticed Grinder
  1695 | D:5      | Paralysed by Grinder for 3 turns
  1703 | D:5      | Killed Grinder
  1704 | D:5      | Reached skill level 5 in Spellcasting
  1912 | D:6      | Reached skill level 1 in Armour
  1912 | D:6      | Gained mutation: You passively map the area around you.
                  | [Meteoran growth]
  1912 | D:6      | Reached XP level 9. HP: 70/70 MP: 0/19
  1999 | D:6      | Killed Maggie
  2123 | D:6      | Found an ancient bone altar of Kikubaaqudgha.
  2167 | D:7      | Found a staircase to the Ecumenical Temple.
  2179 | Temple   | Entered the Ecumenical Temple
  2184 | Temple   | Became a worshipper of Ashenzari the Shackled
  2357 | D:8      | Found a staircase to the Lair.
  2374 | D:7      | Slain by a wyvern

Illustrated notes

Levels and vault maps discovered:
D:1:      roderic_dead_forest, layout_rooms, ebering_ecumenical_altar_ruins
D:2:      layout_rooms, serial_shops, nicolae_shop_scrapyard, shop, shop,
          minmay_rat_gold_closets, uniq_jessica
D:3:      layout_loops_ring
D:4:      layout_rooms
D:5:      layout_basic, fedhas_ov_isle_minmay, nicolae_hepliaklqana_hazy_memory,
          chequers_serial_rivers_micro_d, uniq_ijyb, uniq_grinder
D:6:      layout_cave_pools, mainiacjoe_overflow_alcove_1,
          nicolae_stop_n_shop_2, minmay_statues_item, uniq_maggie
D:7:      layout_loops_corners, temple_pool_b
D:8:      layout_basic, david_lair_generic, gammafunk_ghost_ooze,
          serial_bayou_lagoon_a, uniq_pikel
Temple:   dpeg_three_leaves_temple

Skill      XL: |  1  2  3  4  5  6  7  8  9 |
---------------+----------------------------+-----
Earth Magic    | 4 5 6 7 |  7.1
Fighting       | 1 2 3 |  3.4
Conjurations   | 1 2 5 6 7 |  7.9
Spellcasting   | 4 6 |  6.0
Armour         | 1 3 |  3.6
Stealth        | 3 |  3.1
Dodging        | |  2.2
Transmutations | |  1.2

Action                     |  1- 3 |  4- 6 |  7- 9 || total
---------------------------+-------+-------+-------++-------
  Melee: Short sword       |    14 |    39 |   109 ||   162
   Cast: Sandblast         |    13 |    38 |    22 ||    73
         Stone Arrow       |       |       |    43 ||    43
    Use: Scroll            |       |     7 |     5 ||    12
         Potion            |       |       |     4 ||     4
 Armour: Robe              |    16 |    32 |    90 ||   138
  Dodge: Dodged            |    10 |    41 |   127 ||   178

Table legend: (Time is in decaauts)
 A = Elapsed time spent in this place.
 B = Non-inter-level travel time spent in this place.
 C = Inter-level travel time spent in this place.
 D = Time resting spent in this place.
 E = Time spent auto-exploring this place.
 F = Levels seen in this place.
 G = Mean time per level.
                   A        B        C        D        E       F      G
               +--------+--------+--------+--------+--------+-----+--------+
         Total |   2418 |   2414 |      4 |    122 |     73 |   9 |  268.7 |
       Dungeon |   2407 |   2403 |      4 |    122 |     73 |   8 |  300.9 |
        Temple |     10 |     10 |      0 |      0 |      0 |   1 |   10.0 |
               +--------+--------+--------+--------+--------+-----+--------+

Top non-repeatable levels by time:
     D:5: 728 daAuts
     D:4: 453 daAuts
     D:6: 427 daAuts
     D:3: 292 daAuts
     D:7: 195 daAuts
     D:2: 167 daAuts
     D:1: 120 daAuts
     D:8: 22 daAuts
  Temple: 10 daAuts
